 Dungeon Crawl Stone Soup version 0.23.0 (webtiles) character file.

Game seed: 14516932692007403837

601 Gadfly the Covert (level 7, -14/46 HPs)
             Began as an Octopode Assassin on Feb 14, 2019.
             Was a Follower of Elyvilon.
             Demolished by an ogre
             ... wielding a +0 giant club
              (29 damage)
             ... on level 5 of the Dungeon on Feb 15, 2019.
             The game lasted 00:06:05 (4044 turns).

Gadfly the Covert (Octopode Assassin)               Turns: 4044, Time: 00:06:05

Health: -14/46     AC:  1    Str: 10    XL:     7   Next: 41%
Magic:  7/7        EV: 14    Int: 13    God:    Elyvilon [*.....]
Gold:   179        SH:  5    Dex: 16    Spells: 6/6 levels left

rFire    . . .     SeeInvis .   a - +3 dagger
rCold    . . .     Gourm    .   e - +0 buckler
rNeg     . . .     Faith    .   (helmet restricted)
rPois    .         Spirit   .   (no amulet)
rElec    .         Reflect  .   (no ring)
rCorr    .         Harm     .   (no ring)
MR       .....                  (no ring)
Stlth    +++++.....             (no ring)
HPRegen  0.15/turn              (no ring)
MPRegen  0.10/turn              (no ring)
                                (no ring)
                                (no ring)

@: no status effects
A: almost no armour, stealthy swim, amphibious, 8 rings, constrict 8, camouflage
1, gelatinous body 1
a: Lesser Healing, Divine Protection, Renounce Religion


You were on level 5 of the Dungeon.
You worshipped Elyvilon.
Elyvilon was aware of your devotion.
You were not hungry.

You visited 2 branches of the dungeon, and saw 6 of its levels.

You collected 179 gold pieces.

Inventory:

Hand Weapons
 a - a +3 dagger (weapon)
 b - a +0 blowgun
Missiles
 c - 20 poisoned needles
 d - 2 curare-tipped needles
 r - 3 needles of sleeping
 u - 5 tomahawks (quivered)
Armour
 e - a +0 buckler (worn)
Jewellery
 B - an uncursed ring of magical power {unknown}
Scrolls
 h - 3 scrolls of remove curse
 k - 6 scrolls of teleportation
 p - 4 scrolls of immolation {unknown}
 s - a scroll of enchant armour {unknown}
 v - 3 scrolls of identify
 x - 2 scrolls of amnesia {unknown}
 y - a scroll of enchant weapon {unknown}
 A - a scroll of random uselessness {unknown}
Potions
 g - a potion of invisibility {unknown}
 i - 2 potions of mutation {unknown}
 j - a potion of ambrosia {unknown}
 l - a potion of lignification {unknown}
 m - a potion of agility {unknown}
 n - a potion of haste {unknown}
 o - a potion of curing {unknown}
 q - a potion of flight {unknown}
 t - 3 potions of degeneration {unknown}
 w - 2 potions of heal wounds
Comestibles
 f - 8 rations
 z - a chunk of flesh


   Skills:
 + Level 3.4 Fighting
 + Level 3.5 Short Blades
 + Level 3.2 Throwing
 + Level 2.9 Dodging
 * Level 8.1 Stealth
 + Level 2.6 Shields


You had 6 spell levels left.
You didn't know any spells.
Your spell library was empty.

Dungeon Overview and Level Annotations

Branches:
Dungeon (5/15)             Temple (1/1) D:4

Altars:
Ashenzari
Cheibriados
Dithmenos
Elyvilon
Fedhas
Kikubaaqudgha
Makhleb
Nemelex Xobeh
Qazlal
Ru
Sif Muna
Trog
Uskayaw
Wu Jian
Yredelemnul
Zin
The Shining One


Innate Abilities, Weirdness & Mutations

You cannot wear most types of armour.
You are very stealthy in the water. (Stealth+)
You are amphibious.
You can wear up to eight rings at the same time.
You can use your tentacles to constrict eight enemies at once.
Your skin changes colour to match your surroundings (Stealth+).
Your rubbery body absorbs attacks. (AC +1, EV +1)


Message History

You are too injured to fight recklessly!
You are too injured to fight recklessly!
You are too injured to fight recklessly!
You are too injured to fight recklessly!
You are too injured to fight recklessly!
You are too injured to fight recklessly!
You are too injured to fight recklessly!
You are too injured to fight recklessly!
You are too injured to fight recklessly!
You are too injured to fight recklessly!
You are too injured to fight recklessly!
Unknown command.
You hit the ogre.
The ogre is heavily wounded.
The phantom blinks!
You hit the ogre. You squeeze the ogre.
The ogre is severely wounded.
The ogre hits you with a +0 giant club!!
Ouch! That really hurt!
You die...

### ..# #
#.#######
#.#####.......#
#..W..........#
#..O@)........#
#.............#
#.....$.§.....#
+...§..[...>...#
###..%.........#
############.#
#.# #.# #.#


You could see a phantom and an ogre.

Vanquished Creatures
  Eustachio (D:4)
  A big kobold (D:3)
  A bullfrog zombie (D:5)
  A bullfrog skeleton (D:5)
  2 orc priests (D:3)
  An orc wizard (D:3)
  Terence (D:3)
  A worker ant (D:5)
  A hound skeleton (D:5)
  Robin (D:4)
  6 adders
  A worm (D:2)
  6 leopard geckos
  12 orcs
  11 bats
  3 giant cockroaches
  15 goblins
  12 hobgoblins
  9 jackals
  2 kobolds
  A quokka (D:3)
  3 frilled lizards (D:2)
  A jackal zombie (D:5)
  8 rats
101 creatures vanquished.

Notes
Turn   | Place    | Note
-------+----------+-------------------------------------------
     0 | D:1      | Gadfly the Octopode Assassin began the quest for the Orb.
     0 | D:1      | Reached XP level 1. HP: 14/14 MP: 1/1
    71 | D:1      | Reached XP level 2. HP: 14/19 MP: 2/2
   870 | D:2      | Reached XP level 3. HP: 22/24 MP: 3/3
  1172 | D:2      | Reached skill level 6 in Stealth
  1176 | D:2      | Reached skill level 1 in Shields
  1390 | D:3      | Reached XP level 4. HP: 30/30 MP: 4/4
  1457 | D:3      | Noticed Terence
  1471 | D:3      | Killed Terence
  1618 | D:3      | Reached XP level 5. HP: 33/35 MP: 5/5
  2057 | D:3      | Noticed a big kobold
  2059 | D:3      | Killed a big kobold
  2059 | D:3      | Reached skill level 7 in Stealth
  2059 | D:3      | Reached XP level 6. HP: 41/41 MP: 6/6
  2441 | D:4      | Noticed Eustachio
  2469 | D:4      | Killed Eustachio
  2469 | D:4      | Reached XP level 7. HP: 16/46 MP: 7/7
  2742 | D:4      | Found a staircase to the Ecumenical Temple.
  2750 | Temple   | Entered the Ecumenical Temple
  2832 | Temple   | Became a worshipper of Elyvilon the Healer
  3061 | D:4      | Noticed Robin
  3163 | D:4      | Killed Robin
  3312 | D:4      | Reached * piety under Elyvilon
  3920 | D:5      | Entered Level 5 of the Dungeon
  3940 | D:5      | Reached skill level 8 in Stealth
  4044 | D:5      | Demolished by an ogre

Skill      XL: |  1  2  3  4  5  6  7 |
---------------+----------------------+-----
Stealth        | 6 7 8 |  8.1
Shields        | 1 2 |  2.6
Dodging        | 2 |  2.9
Fighting       | 3 |  3.4
Short Blades   | 3 |  3.5
Throwing       | 3 |  3.2

Action                   |  1- 3 |  4- 6 |  7- 9 || total
-------------------------+-------+-------+-------++-------
Melee: Dagger            |    56 |    83 |    51 ||   190
       Constrict         |    11 |    21 |    12 ||    44
       Tentacles         |     5 |    14 |     7 ||    26
 Fire: Blowgun           |       |     5 |       ||     5
  Use: Scroll            |     3 |       |     1 ||     4
 Stab: Sleeping          |    21 |    13 |     8 ||    42
  Eat: Chunk             |     1 |     3 |     6 ||    10
Armor: Skin              |     2 |     7 |     2 ||    11
Dodge: Dodged            |    12 |    36 |    26 ||    74
Block: Buckler           |     4 |    10 |     8 ||    22
